 Dungeon Crawl Stone Soup version 0.20.0-15-g7f486f2 (webtiles) character file.

336 KleinerIrrer the Covert (level 6, -1/84 HPs)
             Began as a Naga Assassin on June 28, 2017.
             Slain by a wight
             ... wielding a cursed +2 mace
              (3 damage)
             ... on level 4 of the Dungeon.
             The game lasted 00:08:06 (2523 turns).

KleinerIrrer the Covert (Naga Assassin)             Turns: 2523, Time: 00:08:06

Health: -1/84      AC:  5    Str: 19    XL:     6   Next: 54%
Magic:  6/6        EV: 10    Int: 11    God:
Gold:   130        SH:  0    Dex: 14    Spells: 5/5 levels left

rFire    . . .     SeeInvis +   a - +2 dagger
rCold    . . .     Gourm    .   (no shield)
rNeg     . . .     Faith    .   c - +0 robe
rPois    +         Spirit   .   i - +0 helmet
rElec    .         Reflect  .   d - +0 cloak
rCorr    .         Harm     .   (no gloves)
MR       .....                  (no barding)
Stlth    ..........             (no amulet)
Regen    0.3/turn               (no ring)
MPRegen  0.1/turn               (no ring)

@: mighty, berserking, heavily drained, quick
A: see invisible, deformed body, poison resistance, slowness 2, slow metabolism
1, spit poison 1, AC +2
a: Spit Poison


You were on level 4 of the Dungeon.
You were not hungry.

You visited 1 branch of the dungeon, and saw 5 of its levels.

You collected 130 gold pieces.

Inventory:

Hand Weapons
 a - a +2 dagger (weapon)
 b - a +0 blowgun
 h - a +2 mace
 l - a +0 club
Missiles
 e - 8 poisoned needles
 f - 2 curare-tipped needles
Armour
 c - a +0 robe (worn)
 d - a +0 cloak (worn)
 i - a +0 helmet (worn)
Scrolls
 u - a scroll of remove curse
Potions
 k - 2 potions of magic
 n - a potion of berserk rage
 o - 2 potions of flight
 q - 2 potions of might
 x - a potion of mutation {unknown}
Comestibles
 g - 3 bread rations
 m - 4 fruits
 r - a meat ration


   Skills:
 + Level 3.1(1.7) Fighting
 - Level 2.0(0.7) Short Blades
 - Level 1.7(0.4) Throwing
 + Level 2.7(1.4) Dodging
 + Level 9.6(8.0) Stealth


You had 5 spell levels left.
You didn't know any spells.

Dungeon Overview and Level Annotations

Branches:
Dungeon (5/15)
 Temple: D:4-7

Altars:
Vehumet

Annotations:
D:3 koelner's ghost, amateur HaEn


Innate Abilities, Weirdness & Mutations

You cannot wear boots.
Your serpentine skin is tough. (AC +2)
You have supernaturally acute eyesight. (SInv)
Armour fits poorly on your strangely shaped body.
Your system is resistant to poisons. (rPois)
You cover ground very slowly.
You have a slow metabolism.
You can spit poison.


Message History

The wight hits you with an enchanted mace.
* * * LOW HITPOINT WARNING * * *
You feel drained.
You completely miss the wight.
The wight is heavily damaged.
The wight hits you with an enchanted mace.
* * * LOW HITPOINT WARNING * * *
You feel drained.
* * * LOW HITPOINT WARNING * * *
You hit the wight but do no damage.
The wight is heavily damaged.
It was a potion of berserk rage.
A red film seems to cover your vision as you go berserk!
You feel yourself moving faster!
You feel mighty!
The wight hits you with an enchanted mace.
* * * LOW HITPOINT WARNING * * *
You closely miss the wight.
The wight is heavily damaged.
The wight hits you with an enchanted mace.
You die...

#..###..#......
##..###........
##..####...... ##(.#
#...... ########### ##.#
#...... #.........# #.#
#.....< #.........# #.#
#...... #......z..#####.#
#......
#..(....@)...##.###>.....
######.#####..#..####...#
#...# ##.##)# #..##.
###.####..#.###.##..
#...(..##....##.##.#
#......###....#.##.#
#......####...#....#
#................###
#..........##..#....


You could see a wight.

Vanquished Creatures
  An ogre (D:4)
  2 wights (D:4)
  A howler monkey (D:4)
  A hound (D:4)
  A hound skeleton (D:4)
  5 adders
  2 dart slugs
  A leopard gecko (D:2)
  An orc (D:3)
  4 bats
  2 giant cockroaches (D:2)
  7 goblins
  6 hobgoblins
  3 quokkas
  4 frilled lizards
  4 kobolds (D:2)
  3 rats (D:2)
48 creatures vanquished.

Notes
Turn   | Place    | Note
-------+----------+-------------------------------------------
     0 | D:1      | KleinerIrrer the Naga Assassin began the quest for the Orb.
     0 | D:1      | Reached XP level 1. HP: 19/19 MP: 1/1
    49 | D:2      | Reached skill level 6 in Stealth
   144 | D:2      | Reached XP level 2. HP: 19/26 MP: 2/2
   306 | D:2      | Found a radiant altar of Vehumet.
   552 | D:2      | Reached skill level 7 in Stealth
   552 | D:2      | Reached XP level 3. HP: 24/32 MP: 3/3
   698 | D:2      | Reached skill level 1 in Dodging
   808 | D:3      | Reached skill level 8 in Stealth
   808 | D:3      | Reached XP level 4. HP: 25/39 MP: 4/4
  1069 | D:3      | Noticed koelner's ghost (amateur HaEn)
  1619 | D:4      | Reached XP level 5. HP: 26/46 MP: 5/5
  2140 | D:4      | Noticed an ogre
  2170 | D:4      | Killed an ogre
  2170 | D:4      | Reached skill level 9 in Stealth
  2170 | D:4      | Reached XP level 6. HP: 35/55 MP: 6/6
  2404 | D:5      | Entered Level 5 of the Dungeon
  2520 | D:4      | HP: 2/56 [wight/enchanted mace (1)]
  2523 | D:4      | Slain by a wight

Skill      XL: |  1  2  3  4  5  6 |
---------------+-------------------+-----
Stealth        | 6 7 8 9 |  9.6
Dodging        | 1 2 |  2.7
Fighting       | 3 |  3.1
Short Blades   | |  2.0
Throwing       | |  1.7

Action                   |  1- 3 |  4- 6 || total
-------------------------+-------+-------++-------
Melee: Dagger            |    71 |   146 ||   217
  Use: Scroll            |     2 |     6 ||     8
       Potion            |       |     5 ||     5
 Stab: Sleeping          |     9 |     4 ||    13
       Distracted        |     1 |       ||     1
  Eat: Chunk             |       |     3 ||     3
       Bread ration      |       |     1 ||     1
Armor: Robe              |    31 |    36 ||    67
Dodge: Dodged            |    21 |    79 ||   100
